Map: Ley Lines

Players

sebesdes - Winner!

  • Race: Protoss Protoss
  • League: Master
  • Spawn Location: 1:00

Shino

  • Race: Zerg Zerg
  • Spawn Location: 7:00

Event: HomeStory Cup XXVII

VOD

Have the link to the VOD?

Description

Time

  • Played on: June 28, 2025, 2:58 p.m.
  • Length: 11:02

All games in this series

Show
View Real Time Build Order
Export as new Build Order

sebesdes Protoss - Winner!

Build Orders: 1 Gate Expand, Oracle Opening, Archon Immortal, Archon Drop 

Get SALT Encoding   

  12  0:00  Probe  
  13  0:12  Probe  
  14  0:17  Pylon  
  14  0:23  Probe  
  15  0:31  Probe  
  16  0:38  Gateway  
  16  0:39  Probe  
  16  0:46  Assimilator  
  17  0:51  Probe  
  18  1:03  Probe  
  19  1:15  Probe  
  20  1:24  Nexus  
  20  1:33  Cybernetics Core  
  20  1:36  Probe  
  21  1:44  Assimilator  
  21  1:48  Probe  
  21  1:51  Pylon  
  22  1:58  Probe  
  23  2:06  Probe  
  23  2:09  Adept  
  23  2:14  Probe  
  26  2:18  Stargate  
  27  2:23  Probe  
  27  2:26  Warp Gate  
  28  2:31  Probe  
  28  2:33  Probe  
  29  2:39  Adept  
  29  2:41  Probe x2  
  34  2:51  Probe  
  34  2:53  Probe  
  36  3:01  Oracle  
  36  3:03  Probe  
  36  3:05  Probe  
  41  3:15  Probe  
  41  3:19  Nexus  
  42  3:21  Probe  
  42  3:26  Pylon  
  43  3:28  Probe  
  43  3:33  Robotics Facility  
  44  3:36  Probe  
  44  3:38  Assimilator  
  44  3:40  Probe  
  46  3:44  Assimilator  
  46  3:47  Pylon  
  46  3:48  Probe  
  47  3:52  Probe  
  48  4:00  Probe  
  49  4:04  Probe  
  49  4:06  Twilight Council  
  50  4:12  Probe  
  50  4:16  Probe  
  52  4:19  Gateway, Warp Prism  
  52  4:20  Gateway  
  52  4:24  Gateway, Probe  
  52  4:28  Probe  
  56  4:36  Stalker  
  59  4:38  Probe x2  
  59  4:42  Probe  
  61  4:46  Templar Archives  
  61  4:47  Probe x2  
  61  4:50  Probe  
  63  4:55  Pylon, Probe x2  
  63  4:59  Probe  
  66  5:04  Probe  
  66  5:05  Probe  
  67  5:08  Assimilator  
  67  5:11  Assimilator  
  65  5:14  Probe  
  65  5:16  Probe  
  65  5:19  Gateway  
  65  5:20  Gateway  
  67  5:22  High Templar x4  
  67  5:26  Archon x2  
  67  5:28  Immortal  
  79  5:29  Probe  
  79  5:36  Probe  
  79  5:40  Probe  
  75  5:57  Immortal  
  75  6:03  Probe  
  76  6:05  Forge, Probe  
  76  6:06  Probe  
  76  6:09  Robotics Facility  
  82  6:14  Psionic Storm, Probe  
  82  6:15  Probe x2  
  82  6:16  Charge  
  84  6:19  Forge  
  84  6:20  Pylon  
  84  6:22  Pylon  
  84  6:23  Shield Battery  
  85  6:31  Protoss Ground Weapons Level 1  
  85  6:33  Pylon  
  85  6:36  Pylon  
  85  6:38  Immortal, Probe x3  
  92  6:41  Photon Cannon  
  92  6:46  Protoss Ground Armor Level 1, High Templar x3  
  98  6:48  Pylon  
  98  6:52  Immortal  
  98  6:59  Photon Cannon  
  102  7:09  Immortal  
  102  7:11  Photon Cannon  
  102  7:12  Pylon, Shield Battery  
  102  7:14  Pylon  
  102  7:21  High Templar  
  108  7:29  Pylon  
  108  7:30  Immortal  
  112  7:43  Stalker x2, Zealot x2  
  112  7:44  Observer  
  121  7:53  Photon Cannon  
  121  7:55  Photon Cannon  
  121  7:56  Blink  
  121  8:01  Probe  
  122  8:09  Immortal  
  122  8:12  Zealot x6  
  138  8:15  Probe  
  138  8:19  Protoss Ground Weapons Level 2  
  139  8:20  Immortal  
  139  8:25  Probe  
  143  8:41  High Templar x3  
  149  8:42  Pylon  
  149  8:44  Immortal  
  149  8:45  Probe  
  149  8:46  Archon  
  148  8:50  Nexus  
  148  8:52  Pylon  
  148  8:54  Pylon  
  148  8:55  Pylon  
  148  9:00  Immortal  
  148  9:04  Assimilator  
  148  9:06  Assimilator  
  148  9:12  Zealot  
  148  9:17  Zealot x2  
  148  9:24  Immortal  
  154  9:29  High Templar x3  
  159  9:31  Shield Battery  
  159  9:32  Photon Cannon  
  159  9:33  Photon Cannon  
  159  9:35  Archon, Photon Cannon  
  159  9:39  Immortal  
  159  9:40  Photon Cannon  
  159  9:45  High Templar x2  
  167  9:53  Pylon  
  167  10:03  Zealot x4  
  175  10:08  Immortal  
  169  10:24  Archon  
  169  10:25  Archon  
  152  10:31  Zealot x6  
  160  10:44  Archon  
Show
View Real Time Build Order
Export as new Build Order

Shino Zerg 

Build Orders: Hatch First 

Get SALT Encoding   

  12  0:00  Drone  
  13  0:12  Overlord  
  13  0:16  Drone  
  14  0:30  Drone x2  
  16  0:46  Hatchery  
  15  0:50  Drone  
  15  0:53  Drone  
  15  0:56  Drone  
  18  1:07  Extractor  
  17  1:12  Spawning Pool  
  17  1:14  Drone  
  18  1:18  Drone  
  18  1:30  Drone  
  19  1:38  Drone  
  20  1:51  Overlord  
  20  1:58  Queen x2  
  20  2:00  Zergling x2  
  25  2:02  Zergling x2  
  26  2:11  Drone, Metabolic Boost  
  26  2:14  Drone  
  28  2:19  Drone  
  28  2:21  Drone  
  30  2:34  Hatchery  
  29  2:39  Drone  
  30  2:45  Queen  
  32  2:51  Drone  
  32  2:52  Overlord  
  32  2:55  Drone  
  32  2:57  Drone  
  35  2:59  Drone  
  35  3:05  Overlord  
  36  3:11  Drone x2  
  36  3:12  Drone  
  39  3:14  Drone x2  
  41  3:21  Queen  
  43  3:28  Drone x2, Evolution Chamber  
  43  3:30  Drone  
  45  3:38  Drone x2  
  45  3:40  Queen  
  49  3:43  Overlord  
  49  3:49  Queen  
  49  3:54  Drone  
  52  3:58  Spore Crawler  
  52  4:02  Overlord  
  50  4:04  Drone x3  
  50  4:06  Zerg Melee Weapons Level 1  
  50  4:09  Drone  
  54  4:11  Spore Crawler  
  54  4:14  Evolution Chamber  
  54  4:15  Drone  
  54  4:16  Drone  
  55  4:18  Drone  
  55  4:21  Drone x2  
  55  4:23  Drone x2  
  60  4:31  Overlord  
  60  4:33  Baneling Nest  
  60  4:38  Drone x4  
  63  4:41  Queen  
  64  4:48  Zergling x12  
  64  4:52  Zergling x4  
  72  4:53  Zergling x4  
  72  4:55  Overlord  
  72  4:59  Extractor  
  73  5:00  Drone x2  
  73  5:06  Hatchery  
  74  5:12  Drone  
  74  5:14  Drone x4  
  76  5:15  Drone  
  76  5:16  Extractor  
  76  5:17  Drone x2  
  76  5:18  Drone  
  81  5:25  Drone  
  81  5:27  Roach Warren, Lair  
  78  5:38  Zergling x2  
  78  5:39  Zergling x8  
  81  5:44  Overlord  
  81  5:45  Overlord x4  
  74  6:01  Zergling x4  
  73  6:04  Queen  
  73  6:05  Overlord, Queen  
  73  6:06  Overlord x2  
  73  6:08  Zergling x14  
  84  6:15  Roach x4  
  84  6:16  Roach  
  94  6:18  Zerg Missile Weapons Level 1  
  94  6:23  Queen  
  96  6:26  Centrifugal Hooks  
  96  6:28  Glial Reconstitution  
  95  6:39  Baneling x3  
  94  6:40  Overlord  
  94  6:42  Drone x6  
  94  6:43  Drone x2  
  94  6:45  Extractor x2  
  94  6:46  Queen  
  102  6:58  Drone x4  
  102  6:59  Overlord, Extractor  
  102  7:00  Drone x7  
  112  7:07  Drone x3  
  114  7:11  Overlord  
  114  7:21  Roach x6  
  126  7:26  Roach  
  126  7:27  Roach x6  
  126  7:29  Zergling x2  
  142  7:30  Zergling x2  
  142  7:35  Overlord  
  141  7:37  Infestation Pit  
  141  7:43  Drone  
  141  7:44  Drone x3  
  143  7:50  Ravager  
  145  7:52  Zergling x2  
  145  7:53  Zergling x18  
  155  7:59  Zergling x14  
  161  8:12  Zerg Melee Weapons Level 2, Zergling x2, Baneling x15  
  162  8:13  Zergling x6  
  162  8:16  Ravager  
  162  8:17  Baneling x3  
  162  8:19  Overlord x4  
  166  8:23  Hive  
  166  8:25  Hydralisk Den  
  165  8:27  Extractor  
  165  8:28  Extractor  
  165  8:30  Baneling x7  
  165  8:32  Zergling x10  
  168  8:37  Zergling x2  
  168  8:38  Zergling x16  
  175  8:49  Zergling x18  
  175  8:52  Baneling x13  
  179  8:57  Roach x4  
  179  9:00  Ravager  
  188  9:03  Zergling x2  
  188  9:04  Zergling x10  
  188  9:06  Zergling x4  
  196  9:15  Zergling x2  
  196  9:16  Zergling x6  
  193  9:19  Lurker Den  
  181  9:32  Muscular Augments  
  181  9:33  Drone x3  
  167  9:44  Hatchery  
  164  9:47  Zergling x2  
  164  9:48  Zergling x32  
  164  9:51  Baneling x4  
  181  9:58  Ravager x4  
  181  9:59  Zergling x12  
  191  10:03  Zergling x8  
  195  10:10  Zergling x6  
  195  10:11  Zergling x2  
  173  10:21  Zergling x22  
  145  10:32  Roach x5  
  148  10:37  Roach  
  148  10:38  Zergling x2  
Tags
 
Add a new tag
Caveats
  • Supply blocks, unpowered buildings, or Contaminate may cause inaccurate times.
  • Supply counts are checked every 10 seconds.